AoeStats
← 1847373944

Fortress

507930208Analyzed
4v4 RM · 13d ago on Sep 20, 2026· 49m 46s· 8 players
Game mode
Random Map
Map size
Huge
Population
200
Speed
Normal
Resources
Standard
Victory
Conquest
Starting age
Dark Age
Ending age
Imperial Age
RankedLock teamsTeams togetherTeam positionsShared explorationLock speedFull tech treeHidden civsTurbo modeCheats
Victory
Defeat
🇨🇳 Franks · China
1104
+15
🇨🇳 Spanish · China
1091
+16
🇨🇳 Goths · China
1079
+16
🇮🇳 Slavs · India
1078
+16
🇫🇷 Sicilians · France
1137
-17
🇨🇳 Poles · China
1109
-17
🇨🇳 Portuguese · China
1060
-15
1045
-14
_GeeK_
7:36 Feudal Age
11:02 Castle Age
9:19 Double-Bit Axe
9:16 Horse Collar
12:08 Bow Saw
12:17 Heavy Plow
18:59 Wheelbarrow
19:25 Gold Mining
19:27 Stone Mining
22:01 Hand Cart
21:33 Town Watch
25:24 Imperial Age
23:09 Loom
24:43 Gold Shaft Mining
24:10 Detinets
24:19 Scale Barding Armor
25:04 Forging
26:09 Chain Barding Armor
26:26 Iron Casting
26:47 Conscription
27:40 Two-Man Saw
27:12 Crop Rotation
26:29 Elite Boyar
27:45 Hoardings
28:13 Chemistry
27:30 Caravan
29:04 Plate Barding Armor
29:30 Blast Furnace
29:33 Coinage
29:36 Husbandry
29:49 Bloodlines
30:31 Fletching
30:42 Padded Archer Armor
31:05 Ballistics
30:52 Siege Engineers
30:57 Masonry
30:43 Murder Holes
31:23 Banking
31:24 Bodkin Arrow
31:45 Leather Archer Armor
37:47 Capped Ram
39:41 Guard Tower
40:02 Fortified Wall
40:24 Ring Archer Armor
39:56 Scale Mail Armor
39:58 Squires
39:19 Pikeman
39:32 Siege Ram
43:02 Chain Mail Armor
42:09 Man-at-Arms
45:35 Plate Mail Armor
44:26 Halberdier
45:38 Druzhina
1847373944
1:28 Loom
6:45 Feudal Age
9:32 Double-Bit Axe
12:12 Castle Age
11:08 Gold Mining
10:47 Man-at-Arms
10:58 Man-at-Arms
13:28 Long Swordsman
19:05 Squires
19:56 Scale Mail Armor
23:47 Chain Mail Armor
23:42 Forging
27:41 Pikeman
31:23 Iron Casting
33:06 Bow Saw
32:40 Horse Collar
34:00 Heavy Plow
40:57 Fletching
42:37 Bodkin Arrow
45:19 Imperial Age
43:26 Wheelbarrow
46:19 Two-Handed Swordsman
46:52 Capped Ram
49:11 Blast Furnace
DwarfNing
9:09 Feudal Age
13:06 Castle Age
11:44 Horse Collar
11:51 Double-Bit Axe
14:18 Bow Saw
15:50 Wheelbarrow
17:22 Loom
20:20 Heavy Plow
20:38 Hand Cart
22:46 Gold Mining
22:46 Stone Mining
22:45 Town Watch
26:25 Imperial Age
24:04 Husbandry
24:14 Bloodlines
24:20 Forging
24:15 Scale Barding Armor
24:59 Bloodlines
25:46 Scale Barding Armor
26:17 Iron Casting
27:05 Stone Shaft Mining
26:29 Cavalier
27:33 Conscription
28:27 Two-Man Saw
28:49 Chain Barding Armor
29:29 Blast Furnace
29:52 Chemistry
29:12 Ballistics
28:19 Paladin
31:02 Supremacy
31:11 Padded Archer Armor
31:01 Fletching
32:11 Masonry
33:34 Leather Archer Armor
33:14 Bodkin Arrow
35:09 Ring Archer Armor
35:01 Caravan
36:55 Bracer
38:42 Sappers
41:24 Architecture
40:49 Murder Holes
41:05 Fortified Wall
45:40 Plate Barding Armor
45:31 Bombard Tower
见面问声好
7:29 Feudal Age
12:22 Castle Age
15:07 Double-Bit Axe
16:01 Wheelbarrow
16:37 Bow Saw
17:48 Hand Cart
17:49 Loom
23:53 Gold Mining
23:54 Stone Mining
26:41 Imperial Age
25:41 Forging
25:37 Scale Barding Armor
26:34 Husbandry
26:53 Cavalier
28:03 Ballistics
28:22 Iron Casting
28:07 Chain Barding Armor
28:28 Conscription
29:13 Gold Shaft Mining
28:52 Chivalry
28:15 Paladin
31:38 Blast Furnace
31:13 Plate Barding Armor
32:09 Pikeman
32:49 Squires
33:59 Chemistry
34:15 Halberdier
34:57 Scale Mail Armor
41:30 Caravan
50:17 Chain Mail Armor
50:03 Padded Archer Armor
49:54 Fletching
月がきれいですね
8:20 Feudal Age
12:01 Castle Age
10:01 Double-Bit Axe
10:06 Horse Collar
13:59 Bow Saw
14:40 Heavy Plow
15:00 Loom
19:12 Wheelbarrow
18:29 Loom
20:17 Hand Cart
20:00 Gold Mining
22:54 Town Watch
23:10 Stone Mining
27:08 Imperial Age
25:49 Forging
25:39 Scale Mail Armor
25:50 Forging
25:40 Scale Mail Armor
25:42 Squires
25:45 Anarchy
28:16 Iron Casting
27:56 Chain Mail Armor
28:16 Iron Casting
28:08 Conscription
27:51 Perfusion
27:43 Elite Huskarl
29:30 Two-Man Saw
29:09 Stone Shaft Mining
29:41 Blast Furnace
29:25 Pikeman
29:45 Halberdier
30:54 Fletching
31:05 Padded Archer Armor
34:41 Capped Ram
40:05 Bodkin Arrow
40:25 Leather Archer Armor
40:05 Bodkin Arrow
40:39 Masonry
40:50 Ballistics
41:30 Chemistry
42:48 Architecture
math-hbcn
7:32 Feudal Age
9:25 Loom
11:44 Castle Age
10:02 Double-Bit Axe
11:04 Horse Collar
13:43 Bow Saw
18:48 Wheelbarrow
19:40 Stone Mining
20:09 Heavy Plow
23:00 Scale Mail Armor
23:10 Forging
24:54 Chain Mail Armor
24:52 Gold Mining
26:28 Fletching
29:52 Iron Casting
30:05 Caravan
33:10 Imperial Age
31:43 Gold Shaft Mining
31:44 Stone Shaft Mining
31:33 Squires
31:18 Arson
32:18 Padded Archer Armor
32:17 Bodkin Arrow
32:30 Pikeman
33:19 Halberdier
34:58 Plate Mail Armor
35:28 Blast Furnace
37:19 Conscription
36:44 Capped Ram
40:42 Man-at-Arms
41:10 Gambesons
41:59 First Crusade
41:59 Hand Cart
41:29 Town Watch
44:04 Long Swordsman
44:20 Elite Serjeant
45:26 Two-Handed Swordsman
47:15 Scale Barding Armor
46:37 Champion
忒瑞
7:21 Feudal Age
12:42 Castle Age
12:21 Double-Bit Axe
15:42 Loom
15:56 Elite Skirmisher
21:29 Fortified Wall
21:17 Town Watch
21:47 Horse Collar
22:26 Bow Saw
23:02 Heavy Plow
22:55 Stone Mining
22:56 Gold Mining
24:28 Ballistics
25:08 Masonry
24:55 Murder Holes
26:21 Wheelbarrow
25:43 Treadmill Crane
27:07 Stone Shaft Mining
31:28 Imperial Age
30:23 Coinage
29:17 Pikeman
29:42 Arson
30:27 Hand Cart
32:35 Town Patrol
33:10 Architecture
33:58 Conscription
36:09 Elite Organ Gun
40:31 Light Cavalry
41:21 Bloodlines
41:12 Husbandry
47:21 Fletching
48:06 Crop Rotation
49:57 Banking
50:58 Chemistry
天道
7:23 Feudal Age
11:16 Castle Age
9:43 Horse Collar
9:57 Double-Bit Axe
12:08 Bow Saw
11:59 Heavy Plow
21:23 Wheelbarrow
24:53 Imperial Age
22:45 Gold Mining
22:45 Stone Mining
23:11 Scale Barding Armor
23:16 Forging
23:02 Loom
23:56 Szlachta Privileges
23:55 Husbandry
24:02 Treadmill Crane
24:46 Hand Cart
24:16 Town Watch
25:26 Bloodlines
25:18 Cavalier
26:59 Stone Shaft Mining
26:55 Light Cavalry
28:01 Chain Barding Armor
28:16 Iron Casting
28:13 Conscription
28:36 Conscription
30:30 Lechitic Legacy
32:33 Blast Furnace
31:06 Elite Obuch
31:52 Winged Hussar
33:27 Scale Mail Armor
33:37 Pikeman
34:17 Squires
34:02 Arson
34:36 Man-at-Arms
Connection lost

Rejoining the realm…

Still unreachable

The connection could not be restored.

Session expired

The server has moved on; the page needs a fresh start.